 Dungeon Crawl Stone Soup version 0.17-a0-1591-g7a45446 (webtiles) character file.

11474 karlkraus the Blocker (level 11, 0/100 HPs)
             Began as a Minotaur Fighter on July 29, 2015.
             Was an Elder of Qazlal.
             Slain by a skeletal warrior
             ... wielding a +0 trident
              (8 damage)
             ... on level 12 of the Dungeon on July 30, 2015.
             The game lasted 00:33:15 (8432 turns).

karlkraus the Blocker (Minotaur Fighter)            Turns: 8432, Time: 00:33:15

Health: 0/100      AC: 25    Str: 23    XL:     11   Next: 49%
Magic:  10/10      EV:  9    Int:  5    God:    Qazlal [****..]
Gold:   597        SH: 19    Dex: 11    Spells: 0 memorised, 10 levels left

rFire  . . .     SeeInvis .     X - +2 flail (curse)
rCold  . . .     Clarity  .     h - +0 plate armour
rNeg   . . .     SustAt   .     c - +1 shield
rPois  .         Gourm    .     (helmet restricted)
rElec  .         Spirit   .     (no cloak)
rCorr  .         Warding  .     n - +1 pair of gloves
rMut   .         Stasis   +     t - +1 pair of boots
MR     .....                    B - amulet of stasis
Stlth  ..........               A - ring of flight
                                k - +6 ring of protection

@: repel missiles, not resistant to hostile enchantments, extremely unstealthy
A: retaliatory headbutt, horns 2
a: Upheaval, Elemental Force, Renounce Religion, Evoke Flight


You were on level 12 of the Dungeon.
You worshipped Qazlal.
Qazlal was greatly pleased with you.
You were very hungry.

You visited 2 branches of the dungeon, and saw 12 of its levels.
You also visited: Sewer.

You collected 597 gold pieces.

Inventory:

Hand weapons
 X - a cursed +2 flail (weapon)
Armour
 c - a +1 shield (worn)
 h - a +0 plate armour (worn)
 n - a +1 pair of gloves (worn)
 t - a +1 pair of boots (worn)
Jewellery
 d - an uncursed amulet of guardian spirit
 k - a +6 ring of protection (left hand)
 A - a ring of flight (right hand)
 B - an amulet of stasis (around neck)
Magical devices
 a - a wand of lightning (7)
 r - a wand of enslavement (24)
 E - a wand of lightning (14)
Scrolls
 i - 2 scrolls of magic mapping
 m - 4 scrolls of recharging
 p - 2 scrolls of fear
 q - 4 scrolls of teleportation
 u - a scroll of blinking
 z - 2 scrolls of identify
 F - 5 scrolls of remove curse
 I - a scroll of amnesia
 V - a scroll of immolation
Potions
 b - 2 potions of magic
 j - a potion of agility
 l - a potion of cure mutation
 s - 5 potions of curing
 v - 6 potions of brilliance
 x - a potion of haste
 D - a potion of berserk rage
 T - 3 potions of might
Books
 f - a book of the Sky

   Spells                             Type                      Level
   a - Summon Lightning Spire         Summoning/Air                4
   b - Airstrike                      Air                          4
   c - Silence                        Hexes/Air                    5
   d - Deflect Missiles               Charms/Air                   6
   e - Conjure Ball Lightning         Conjuration/Air              6
   f - Tornado                        Air                          9
 J - a book of Geomancy

   Spells                             Type                      Level
   a - Sandblast                      Earth                        1
   b - Stoneskin                      Transmutation/Earth          2
   c - Passwall                       Transmutation/Earth          3
   d - Stone Arrow                    Conjuration/Earth            3
   e - Petrify                        Transmutation/Earth          4
   f - Lee's Rapid Deconstruction     Earth                        5
Comestibles
 e - 5 bread rations
 g - 6 meat rations
 G - a slice of pizza
 Q - 24 fruits
 W - a royal jelly


   Skills:
 + Level 10.2 Fighting
 + Level 10.3 Maces & Flails
 + Level 9.8 Armour
 + Level 6.6 Dodging
 + Level 0.1 Stealth
 + Level 12.7 Shields


You had 10 spell levels left.
You didn't know any spells.

Dungeon Overview and Level Annotations

Branches:
Dungeon (12/15)            Temple (1/1) D:4
   Lair: D:8-11         Orc: D:9-12

Altars:
Ashenzari
Cheibriados
Dithmenos
Elyvilon
Fedhas
Gozag
Kikubaaqudgha
Makhleb
Nemelex Xobeh
Okawaru
Qazlal
Ru
Sif Muna
Trog
Vehumet
Xom
Yredelemnul
Zin
The Shining One

Shops:
D:4 (   D:6 =   D:8 ?


Innate Abilities, Weirdness & Mutations

You reflexively headbutt those who attack you in melee.
You have a pair of horns on your head.


Message History

You completely miss the skeletal warrior.
The skeletal warrior is severely damaged.
The skeletal warrior hits you from afar with a trident.
* * * LOW HITPOINT WARNING * * *
The skeletal warrior hits you from afar with a halberd!!
* * * LOW HITPOINT WARNING * * *
You block the skeletal warrior's attack.
You completely miss the skeletal warrior.
You headbutt the skeletal warrior, but do no damage.
The skeletal warrior is severely damaged.
You hit the skeletal warrior. You headbutt the skeletal warrior.
The skeletal warrior is severely damaged.
The skeletal warrior completely misses you.
You block the skeletal warrior's attack.
The skeletal warrior hits you from afar with a halberd.
* * * LOW HITPOINT WARNING * * *
You closely miss the skeletal warrior.
The skeletal warrior is severely damaged.
The skeletal warrior hits you from afar with a trident!
You die...

#)..#......#...#
#...............
#..............#
##.).#......#..##
#..#..........##
##.##...#..#...###
#zz###..........=#
#z## ##.....###..)
#@## #..#### ##..
##.# ##.# ### #.##
#.##
#..####..#####
#...##.......##
##............#
##(....###...##
##.....>.....#
#...........#


You could see 3 skeletal warriors.

Vanquished Creatures
  A centaur warrior (D:9)
  2 skeletal warriors (D:12)
  2 hill giants
  A wolf spider zombie (D:12)
  2 cyclopes (D:12)
  The ghost of Tungsten the Tainter, an experienced OpVM of Vehumet (D:10)
  A troll (D:10)
  The ghost of Urgaas the Skirmisher, an average DrBe of Trog (D:4)
  5 yaks
  2 hungry ghosts (D:8)
  4 wolves
  A hippogriff (D:12)
  The ghost of Zooty the Slasher, an average HaSk of Qazlal (D:3)
  A water moccasin (D:12)
  3 ice beasts
  4 orc warriors
  2 phantoms
  6 ogres
  3 necrophages (D:7)
  2 centaurs
  7 big kobolds
  3 giant frogs
  4 scorpions
  3 electric eels
  12 wights
  10 killer bees
  2 quasits (D:10)
  A centaur zombie (D:7)
  3 crimson imps
  5 hounds
  Ijyb (D:3)
  A centaur skeleton (D:9)
  6 orc wizards
  2 iguanas
  3 orc priests
  6 worker ants
  A killer bee zombie (D:8)
  2 worker ant zombies (D:7)
  10 adders
  5 river rats
  4 white imps
  3 shadow imps
  An ufetubus (D:8)
  3 oozes
  An adder zombie (D:5)
  6 worms
  An adder simulacrum (D:8)
  10 giant geckos
  22 orcs
  A bat skeleton (D:6)
  2 bat zombies
  10 hobgoblins
  3 jackals
  33 kobolds
  4 quokkas
  9 ball pythons
  11 bats
  6 giant cockroaches
  2 giant gecko skeletons
  5 giant newts
  11 goblins
  A jackal zombie (D:7)
  A quokka skeleton (D:10)
  14 rats
  A bush (D:7)
  A plant (D:7)
298 creatures vanquished.

Vanquished Creatures (others)
  7 plants (D:7)
7 creatures vanquished.

Grand Total: 305 creatures vanquished

Notes
Turn   | Place    | Note
--------------------------------------------------------------
     0 | D:1      | karlkraus the Minotaur Fighter began the quest for the Orb.
     0 | D:1      | Reached XP level 1. HP: 19/19 MP: 0/0
    54 | D:1      | Reached skill level 4 in Shields
    54 | D:1      | Reached XP level 2. HP: 25/27 MP: 1/1
   841 | D:2      | Reached XP level 3. HP: 29/33 MP: 2/2
  1197 | D:3      | Reached skill level 1 in Dodging
  1235 | D:3      | Noticed Zooty's ghost (average HaSk)
  1250 | D:3      | Killed Zooty's ghost
  1250 | D:3      | Reached XP level 4. HP: 16/41 MP: 3/3
  1250 | D:3      | Reached XP level 5. HP: 18/47 MP: 4/4
  1343 | D:3      | Noticed Ijyb
  1382 | D:3      | Killed Ijyb
  1382 | D:3      | Reached skill level 5 in Shields
  1444 | D:3      | Found a glowing drain.
  1448 | Sewer    | Entered a sewer
  1541 | Sewer    | Reached XP level 6. HP: 46/55 MP: 5/5
  1723 | Sewer    | Reached skill level 5 in Fighting
  1728 | Sewer    | Reached skill level 6 in Shields
  1803 | Sewer    | Reached XP level 7. HP: 61/61 MP: 6/6
  1893 | D:3      | Found a faded altar to an unknown god.
  2225 | D:4      | Found Wekenirr's Weapon Boutique.
  2278 | D:4      | Noticed Urgaas's ghost (average DrBe)
  2300 | D:4      | Killed Urgaas's ghost
  2300 | D:4      | Reached skill level 5 in Armour
  2326 | D:4      | Found a staircase to the Ecumenical Temple.
  2351 | Temple   | Entered the Ecumenical Temple
  2536 | D:4      | Reached skill level 7 in Shields
  2794 | D:5      | Entered Level 5 of the Dungeon
  2977 | D:5      | Reached XP level 8. HP: 54/70 MP: 7/7
  3113 | D:5      | Found a burning altar of Makhleb.
  3528 | D:6      | Reached skill level 5 in Maces & Flails
  3545 | D:6      | Reached skill level 5 in Dodging
  3606 | D:6      | Found Filurr's Jewellery Shop.
  3695 | D:6      | Found a sparkling altar of Nemelex Xobeh.
  3862 | D:6      | Reached skill level 8 in Shields
  3895 | D:6      | Found a deep blue altar of Sif Muna.
  3897 | D:6      | Found a bloodstained altar of Trog.
  3899 | D:6      | Found a stormy altar of Qazlal.
  3899 | D:6      | Found a white marble altar of Elyvilon.
  3933 | D:6      | Found a glowing silver altar of Zin.
  3944 | D:6      | Became a worshipper of Qazlal Stormbringer
  4380 | D:7      | Acquired Qazlal's first power
  4447 | D:7      | Reached XP level 9. HP: 79/79 MP: 8/8
  4737 | D:7      | Found a blossoming altar of Fedhas.
  4960 | D:7      | Reached skill level 9 in Shields
  5268 | D:8      | Acquired Qazlal's second power
  5278 | D:8      | Reached skill level 10 in Shields
  5338 | D:8      | Reached XP level 10. HP: 86/89 MP: 9/9
  5409 | D:8      | Found Iwucuopp's Magic Scroll Emporium.
  5800 | D:8      | Got a brightly glowing ring mail
  5802 | D:8      | Identified the +4 ring mail "Onanwoa" {rCorr Str-4 SInv Stlth+} (You found it on level 8 of the Dungeon)
  6318 | D:9      | Acquired Qazlal's third power
  6466 | D:9      | Noticed a centaur warrior
  6476 | D:9      | Killed a centaur warrior
  6476 | D:9      | Reached skill level 11 in Shields
  7314 | D:10     | Entered Level 10 of the Dungeon
  7379 | D:10     | Noticed a hill giant
  7387 | D:10     | Killed a hill giant
  7476 | D:10     | Noticed Tungsten's ghost (experienced OpVM)
  7492 | D:10     | Killed Tungsten's ghost
  7623 | D:10     | Reached XP level 11. HP: 59/99 MP: 10/10
  7679 | D:10     | Acquired Qazlal's fourth power
  7767 | D:10     | You fall through a shaft for 2 floors!
  7818 | D:12     | Reached skill level 12 in Shields
  7895 | D:12     | Noticed a hill giant
  7904 | D:12     | Killed a hill giant
  8027 | D:12     | Reached skill level 10 in Fighting
  8101 | D:12     | Reached skill level 10 in Maces & Flails
  8381 | D:12     | Noticed a skeletal warrior
  8381 | D:12     | Noticed a skeletal warrior
  8382 | D:12     | Noticed a skeletal warrior
  8382 | D:12     | Noticed a skeletal warrior
  8383 | D:12     | Noticed a skeletal warrior
  8394 | D:12     | Killed a skeletal warrior
  8410 | D:12     | Killed a skeletal warrior
  8432 | D:12     | Slain by a skeletal warrior

Vault maps used:
D:1:      evilmike_arrival_plus, wad_floor_pattern_untrapped,
          due_unseen_surprise
D:2:      first_bread
D:3:      ecumenical_altar_1, gup_sewer_entry_spiral, kennysheep_nondescript,
          minmay_close_crescents, uniq_iyjb
D:4:      minmay_temple_entry_mist, serial_shops, shop
D:5:      corexii_corridor_pit, bloody_makhleb
D:6:      nemelex_altar_shiori, grunt_temple_overflow_open, serial_shops, shop
D:7:      fedhas_altar_decomposition
D:8:      serial_ice, serial_ice_h, serial_ice_a, serial_ice_j, serial_ice_e,
          serial_shops, shop_fountains
D:9:      serial_ice, serial_ice_g, serial_ice_o, serial_ice_n, serial_ice_l,
          blue_anna_alchemist
D:12:     minmay_misc_feat_plants
Temple:   zaba_magenta_temple_12
Sewer:    sewer_co_15_rooms

Action                   |  1- 3 |  4- 6 |  7- 9 | 10-12 || total
-------------------------+-------+-------+-------+-------++-------
Melee: Flail             |    91 |   138 |   448 |   393 ||  1070
  Use: Potion            |     1 |     1 |     4 |     5 ||    11
       Scroll            |       |     1 |    18 |    13 ||    32
  Eat: Chunk             |     1 |     2 |     7 |    10 ||    20
       Meat ration       |       |       |     1 |       ||     1
